 Dungeon Crawl Stone Soup version 0.29.1-1-gd02db6906a (webtiles) character file.

Game seed: 2974342829489771481

318 raistware the Conjurer (level 6, -2/36 HPs)
             Began as an Octopode Conjurer on Sept 28, 2022.
             Slain by a gnoll
             ... wielding a +0 club
              (8 damage)
             ... on level 3 of the Dungeon.
             The game lasted 00:07:01 (3676 turns).

raistware the Conjurer (Octopode Conjurer)          Turns: 3676, Time: 00:07:02

Health: -2/36      AC:  1    Str:  6    XL:     6   Next: 45%
Magic:  0/12       EV: 13    Int: 23    God:
Gold:   76         SH:  0    Dex: 10    Spells: 5/13 levels left

rFire   . . .      SeeInvis .   (no weapon)
rCold   . . .      Faith    .   (no shield)
rNeg    . . .      Spirit   .   (helmet restricted)
rPois   .          Reflect  .   (no amulet)
rElec   .          Harm     .   (no ring)
rCorr   .          Rampage  .   (no ring)
Will    .....                   (no ring)
Stlth   +++.......              (no ring)
HPRegen 0.12/turn               (no ring)
MPRegen 0.13/turn               (no ring)
                                (no ring)
                                (no ring)

@: very slightly contaminated
A: almost no armour, amphibious, 8 rings, camouflage 1, gelatinous body 1,
(nimble swimmer 1), tentacles
a: no special abilities


You were on level 3 of the Dungeon.
You visited 1 branch of the dungeon, and saw 3 of its levels.
You also visited: Sewer.

You collected 76 gold pieces.

Inventory:

Missiles
 i - 2 poisoned darts
Scrolls
 a - a scroll of teleportation {unknown}
 b - a scroll of enchant armour {unknown}
 d - 3 scrolls of identify {unknown}
 e - a scroll of immolation {unknown}
 g - a scroll of magic mapping {unknown}
 h - a scroll of acquirement {unknown}
 k - a scroll of fear {unknown}
Potions
 f - 3 potions of flight
 j - 2 potions of curing
 l - a potion of heal wounds


   Skills:
 - Level 2.0 Dodging
 - Level 2.6 Stealth
 - Level 4.0 Spellcasting
 + Level 5.1 Conjurations
 - Level 2.0 Translocations
 + Level 2.8 Earth Magic


You had 5 spell levels left.
You knew the following spells:

 Your Spells              Type           Power      Damage    Failure   Level
a - Magic Dart            Conj           100%       1d8       1%          1
b - Iskenderun's Mystic   Conj/Tloc      21%        2d6       24%         4
c - Stone Arrow           Conj/Erth      46%        3d9       6%          3

Your spell library contained the following spells:

 Spells                   Type           Power      Damage    Failure   Level
 Searing Ray              Conj           56%        2d6       1%          2
 Sandblast                Erth           34%        2d9       3%          1
 Passwall                 Tmut/Erth      9%         N/A       9%          2
 Dazzling Flash           Conj/Hex       32%        N/A       11%         3
 Call Imp                 Summ           4%         N/A       16%         2
 Mephitic Cloud           Conj/Pois/Air  12%        N/A       16%         3
 Fulminant Prism          Conj/Hex       8%         3d7       36%         4
 Lehudib's Crystal Spear  Conj/Erth      11%        10d4      100%        8
 Animate Armour           Summ/Erth      Unusable   N/A       N/A         4

Dungeon Overview and Level Annotations

Branches:
Dungeon (3/15)              Sewer (visited)

Altars:

Annotations:
D:2 Sigmund
D:3 Terence


Innate Abilities, Weirdness & Mutations

You cannot wear most types of armour.
You are amphibious.
You can wear up to eight rings at the same time.
Your skin changes colour to match your surroundings (Stealth+).
Your rubbery body absorbs attacks. (AC +1, EV +1)
((You are camouflaged when in or above water. (Stealth+)))
You have tentacles for arms and can constrict up to eight enemies at once.


Message History

The gnoll is lightly wounded.
The gnoll barely misses you.
The magic dart hits the gnoll.
The gnoll is heavily wounded.
The gnoll shouts!
The gnoll hits you with a +0 club.
You closely miss the gnoll. You grab the gnoll.
The gnoll is heavily wounded.
You constrict the gnoll.
The gnoll drinks a potion.
The gnoll is healed!
You release your grip on the gnoll.
The gnoll attacks as you move away! The gnoll hits you with a +0 club!
You tentacle-slap the gnoll. You grab the gnoll.
You squeeze the gnoll, but do no damage.
The gnoll is lightly wounded.
You constrict the gnoll, but do no damage.
The gnoll hits you with a +0 club.
Casting: Magic Dart (safe; 1% risk of failure)
Confirm with . or Enter, or press ? or * to list all spells.
The spell is extremely dangerous to miscast (24% risk of failure)!
Continue anyway?
You miscast Iskenderun's Mystic Blast.
You are very lightly contaminated with residual magic.
Nothing appears to happen.
You constrict the gnoll, but do no damage.
The gnoll hits you from afar with a +0 halberd!
The gnoll barely misses you.
Throw: dart (curare)
Press: ? - help, Shift-Dir - straight line, f - gnoll, p - gnoll
Aim: a gnoll, wielding a +0 halberd (58% to hit)
You throw a curare-tipped dart. The curare-tipped dart hits the gnoll.
The gnoll is poisoned.
The gnoll convulses.
The gnoll seems to slow down.
The gnoll is moderately wounded.
You constrict the gnoll. The gnoll hits you with a +0 club!
* * * LOW HITPOINT WARNING * * *
The gnoll closely misses you.
You release your grip on the gnoll.
You closely miss the gnoll. You grab the gnoll. You squeeze the gnoll.
The gnoll is moderately wounded.
You constrict the gnoll. The gnoll hits you with a +0 club!
You die...

..... ####### .....
#.....# .# ... ...
#.....# .. #.# ...
#.....# ### .. #.# #.##
#.....###... .##.# #..#
#.........# .#.### ##..#
#.......## ..b.. #...#
#........###### ###.gg#
##.#.#####.....@.....#
#..<..#
##.<.....#..#####g###.##
#.##.g. #..........##
#g.# .# # # #..
..........)# ##.##
.###..# .. ...........#
#..##..).... .
...........# ##.....# .
#.........## #####†..#
##...#...## .....
#.#####.# ....


You could see 2 gnolls.

Vanquished Creatures
  A kobold brigand (Sewer)
  Natasha (thrice) (D:2)
  2 gnolls (D:3)
  An adder (D:3)
  5 river rats (Sewer)
  2 worms (D:2)
  4 dart slugs
  An orc (D:3)
  5 ball pythons (D:1)
  6 bats
  6 endoplasms
  4 giant cockroaches
  3 goblins (D:1)
  3 hobgoblins
  14 jackals
  10 kobolds
  8 quokkas
  A frilled lizard (D:1)
  3 rats
82 creatures vanquished.

Notes
Turn   | Place    | Note
-------+----------+-------------------------------------------
     0 | D:1      | raistware the Octopode Conjurer began the quest for the
                  | Orb.
     0 | D:1      | Reached XP level 1. HP: 11/11 MP: 3/3
     0 | D:1      | Noticed a large abomination
     1 | D:1      | Noticed a large abomination
     2 | D:1      | Noticed an iron dragon
     4 | D:1      | Noticed a tentacled monstrosity
     4 | D:1      | Noticed an iron dragon
     7 | D:1      | Noticed an iron dragon
     9 | D:1      | Noticed an iron dragon
    11 | D:1      | Noticed an ice dragon
    11 | D:1      | Noticed a large abomination
    14 | D:1      | Noticed a large abomination
    16 | D:1      | Noticed a yellow draconian
    16 | D:1      | Noticed a tentacled monstrosity
    16 | D:1      | Noticed a large abomination
    18 | D:1      | Noticed a large abomination
    22 | D:1      | Noticed a tentacled monstrosity
   186 | D:1      | Reached XP level 2. HP: 17/17 MP: 1/5
   488 | D:1      | Reached XP level 3. HP: 21/21 MP: 5/7
   555 | D:1      | Learned a level 3 spell: Stone Arrow
  1541 | D:2      | Found a faded altar of an unknown god.
  1553 | D:2      | Noticed Sigmund
  1786 | D:2      | Reached XP level 4. HP: 27/27 MP: 2/9
  1854 | D:2      | Noticed Natasha
  1864 | D:2      | Killed Natasha
  2109 | D:2      | Noticed Natasha
  2112 | D:2      | Killed Natasha
  2113 | D:2      | Reached skill level 1 in Earth Magic
  2281 | D:2      | Noticed Natasha
  2541 | D:2      | Killed Natasha
  2542 | D:2      | Reached XP level 5. HP: 31/31 MP: 5/11
  2824 | D:2      | Learned a level 4 spell: Iskenderun's Mystic Blast
  2839 | D:3      | Noticed Terence
  3196 | D:3      | Found a glowing drain.
  3206 | Sewer    | Entered a sewer
  3217 | Sewer    | Reached skill level 1 in Translocations
  3374 | Sewer    | Reached XP level 6. HP: 36/36 MP: 5/12
  3404 | Sewer    | Reached skill level 5 in Conjurations
  3526 | Sewer    | Found a white marble altar of Elyvilon.
  3676 | D:3      | Slain by a gnoll

Illustrated notes

Levels and vault maps discovered:
D:1:      shiori_arrival_whats_in_store_for_you, layout_loops_ring
D:2:      layout_basic, hellmonk_ecumenical_altar_crossroads,
          palyth_stone_intersect, uniq_sigmund, uniq_natasha
D:3:      layout_rooms, portal_sewer_entry_f, wad_floor_pattern_untrapped,
          minmay_fractal_squares_diagonal_5, uniq_robin, uniq_terence,
          uniq_crazy_yiuf_cottage

Skill      XL: |  1  2  3  4  5  6 |
---------------+-------------------+-----
Spellcasting   | 3 4 |  4.0
Earth Magic    | 1 2 |  2.8
Translocations | 1 2 |  2.0
Conjurations   | 5 |  5.1
Dodging        | |  2.0
Stealth        | |  2.6

Action                   |  1- 3 |  4- 6 || total
-------------------------+-------+-------++-------
Melee: Unarmed           |    19 |    47 ||    66
       Constrict         |     5 |    12 ||    17
       Tentacles         |     5 |    15 ||    20
Throw: Dart              |       |     1 ||     1
 Cast: Magic Dart        |    84 |    58 ||   142
       Stone Arrow       |       |     2 ||     2
       Iskenderun's Myst |       |     3 ||     3
  Use: Potion            |       |     5 ||     5
       Scroll            |       |     1 ||     1
 Stab: Sleeping          |       |     1 ||     1
Armor: Skin              |     5 |     2 ||     7
Dodge: Dodged            |    18 |    40 ||    58
